 Dungeon Crawl Stone Soup version 0.27.0-1-g7a089689b8 (webtiles) character file.

Game seed: 14621885361380206764

70 horus123 the Sneak (level 4, 0/33 HPs)
             Began as a Human Brigand on Aug 8, 2021.
             Slain by Robin (4 damage)
             ... on level 2 of the Dungeon.
             The game lasted 00:02:55 (1704 turns).

horus123 the Sneak (Human Brigand)                  Turns: 1704, Time: 00:02:55

Health: 0/33       AC:  3    Str: 11    XL:     4   Next: 44%
Magic:  2/4        EV: 12    Int: 18    God:
Gold:   67         SH:  0    Dex: 15    Spells: 1/3 levels left

rFire    . . .     SeeInvis .   a - +2 dagger
rCold    . . .     Faith    .   (no shield)
rNeg     . . .     Spirit   .   b - +0 robe
rPois    .         Reflect  .   (no helmet)
rElec    .         Harm     .   c - +0 cloak
rCorr    .         Rampage  .   (no gloves)
Will     .....                  (no boots)
Stlth    +++.......             (no amulet)
HPRegen  0.11/turn              k - +6 ring of intelligence
MPRegen  0.09/turn              (no ring)

@: no status effects
A: no striking features
a: no special abilities


You were on level 2 of the Dungeon.
You visited 1 branch of the dungeon, and saw 2 of its levels.

You collected 67 gold pieces.

Inventory:

Hand Weapons
 a - a +2 dagger (weapon)
Missiles
 d - 21 poisoned darts (quivered)
 e - 2 curare-tipped darts
Armour
 b - a +0 robe (worn)
 c - a +0 cloak (worn)
Jewellery
 k - a +6 ring of intelligence (left hand)
Scrolls
 f - a scroll of identify {unknown}
 g - a scroll of enchant armour {unknown}
Potions
 h - 2 potions of degeneration {unknown}
 i - 2 potions of mutation {unknown}
 j - a potion of lignification {unknown}
 l - a potion of curing {unknown}
 m - 2 potions of heal wounds {unknown}


   Skills:
 + Level 2.2 Fighting
 + Level 2.2 Short Blades
 + Level 2.1 Throwing
 + Level 1.6 Dodging
 * Level 5.3 Stealth


You had one spell level left.
You knew the following spells:

 Your Spells              Type           Power      Damage    Failure   Level
a - Summon Small Mammal   Summ           0%         N/A       22%         1
b - Foxfire               Conj/Fire      0%         2x1d4     22%         1

Your spell library contained the following spells:

 Spells                   Type           Power      Damage    Failure   Level
 Call Canine Familiar     Summ           0%         N/A       54%         3
 Conjure Flame            Conj/Fire      0%         6-21      54%         3
 Inner Flame              Hex/Fire       0%         N/A       54%         3
 Summon Guardian Golem    Hex/Summ       0%         N/A       54%         3


Dungeon Overview and Level Annotations

Branches:
Dungeon (2/15)

Altars:

Annotations:
D:2 Robin


Message History

The hobgoblin is lightly wounded.
The hobgoblin no longer looks unusually strong.
The goblin barely misses you. The hobgoblin hits you.
Robin roars a battlecry!
The hobgoblin goes into a battle-frenzy!
You hit the hobgoblin.
The hobgoblin is heavily wounded.
The goblin barely misses you. The hobgoblin barely misses you.
Robin misses you.
You hit the goblin.
The goblin is moderately wounded.
The goblin barely misses you. The hobgoblin hits you.
Robin completely misses you.
You hit the goblin.
The goblin is heavily wounded.
The hobgoblin no longer looks unusually strong.
The goblin barely misses you. The hobgoblin closely misses you.
You barely miss the goblin.
The goblin is heavily wounded.
Robin barely misses you. The goblin hits you but does no damage.
You hit the goblin.
You kill the goblin!
The hobgoblin barely misses you.
Robin hits you from afar with a +0 spear.
* * * LOW HITPOINT WARNING * * *
The hobgoblin no longer looks unusually strong.
You see here a +0 dagger.
You hit the hobgoblin.
The hobgoblin is almost dead.
The hobgoblin closely misses you. Robin hits you but does no damage.
You hit the hobgoblin but do no damage.
The hobgoblin is almost dead.
The hobgoblin closely misses you.
Robin hits you from afar with a +0 spear.
* * * LOW HITPOINT WARNING * * *
You completely miss the hobgoblin.
The hobgoblin is almost dead.
The hobgoblin hits you but does no damage.
Robin hits you from afar with a +0 spear.
You die...

# ##.# # #..# #
#.#######
############## #.#
#....
...g.†g##....#
#.###.###
.g.g..g......#
##########.##..#..
g.....g##g...#
#...........#....#
#########..###
#.########..#.###.
# #...g.# #@#
###...#... #
#.....# #g#
#[..#...## #
#....## #g#
#...#<†... #
#.....#####g##
#...###### #
#####.ggg.)g###
###.# #
#################.#
## ###
###....†....#
###.######<#
##.#########
...........# #.#


You could see Robin and 3 hobgoblins.

Vanquished Creatures
  3 adders (D:2)
  A worm (D:2)
  A dart slug (D:1)
  4 ball pythons
  2 endoplasms (D:1)
  2 giant cockroaches
  9 goblins
  4 hobgoblins
  A quokka (D:1)
  2 bats (D:1)
  A frilled lizard (D:1)
  3 kobolds (D:1)
  2 rats (D:1)
35 creatures vanquished.

Notes
Turn   | Place    | Note
-------+----------+-------------------------------------------
     0 | D:1      | horus123 the Human Brigand began the quest for the Orb.
     0 | D:1      | Reached XP level 1. HP: 16/16 MP: 1/1
    27 | D:1      | Found a faded altar of an unknown god.
   249 | D:1      | Reached XP level 2. HP: 22/22 MP: 2/2
   611 | D:1      | Reached XP level 3. HP: 27/27 MP: 3/3
   982 | D:1      | Learned a level 1 spell: Summon Small Mammal
  1150 | D:2      | Reached skill level 5 in Stealth
  1190 | D:2      | Learned a level 1 spell: Foxfire
  1453 | D:2      | Reached XP level 4. HP: 33/33 MP: 4/4
  1632 | D:2      | Noticed Robin
  1704 | D:2      | Slain by Robin

Illustrated notes

Levels and vault maps discovered:
D:1:      tarquinn_simple_flora_water_f, layout_basic,
          ebering_ecumenical_altar_box
D:2:      layout_basic, serial_co_window_serial, co_window_paths_a,
          co_window_paths_a, co_window_paths_b, co_window_of_opportunity_a,
          co_window_corner_a, co_window_corner_cb, co_window_broadway_b,
          co_window_corner_b, co_window_2corner, co_window_corner_b,
          co_window_paths_d, glass_columns_a, lexackson_kobold_supper,
          uniq_robin

Skill      XL: |  1  2  3 |
---------------+----------+-----
Stealth        | 5 |  5.3
Fighting       | |  2.2
Short Blades   | |  2.2
Throwing       | |  2.1
Dodging        | |  1.6

Action                   |  1- 3 |  4- 6 || total
-------------------------+-------+-------++-------
Melee: Dagger            |    74 |    26 ||   100
Throw: Dart              |       |     1 ||     1
 Cast: Summon Small Mamm |       |     3 ||     3
 Stab: Sleeping          |     8 |     4 ||    12
Armor: Robe              |    12 |     9 ||    21
Dodge: Dodged            |    27 |    24 ||    51
